 Dungeon Crawl Stone Soup version 0.30.0-5-g1a98f26d00 (webtiles) character file.

Game seed: 12871438282175132012

79 hogiebunz the Shooter (level 4, -12/27 HPs)
             Began as a Kobold Hunter on May 10, 2023.
             Was a Follower of Okawaru.
             Mangled by Blork the orc
             ... wielding a +0 battleaxe
              (15 damage)
             ... on level 3 of the Dungeon.
             The game lasted 00:06:31 (3189 turns).

hogiebunz the Shooter (Kobold Hunter)               Turns: 3189, Time: 00:06:31

Health: -12/27     AC:  2    Str:  8    XL:     4   Next: 62%
Magic:  4/4        EV: 15    Int: 10    God:    Okawaru [*.....]
Gold:   278        SH:  0    Dex: 20    Spells: 3/3 levels left

rFire   + . .        a - +0 shortbow
rCold   + . .        (shield currently unavailable)
rNeg    + . .        c - +0 leather armour
rPois   +            g - -2 hat of the Alchemist {rElec rPois rF+ rC+ rN+ Will+ rMut rCorr}
rElec   +            (no cloak)
rCorr   +            (no gloves)
SInv    +            i - +0 pair of boots
Will    +....        (no amulet)
Stlth   +++          e - ring of see invisible
HPRegen 0.24/turn    (no ring)
MPRegen 0.09/turn

%: resist mutation
@: no status effects
A: small, no large weapons, nightstalker 3, antennae 1, evolution 1, noise
suppression
a: Renounce Religion, Heroism


You were on level 3 of the Dungeon.
You worshipped Okawaru.
Okawaru was aware of your devotion.
You visited 1 branch of the dungeon, and saw 4 of its levels.

You collected 278 gold pieces.

Inventory:

Hand Weapons
 a - a +0 shortbow (weapon)
Armour
 c - a +0 leather armour (worn)
 g - the -2 hat of the Alchemist (worn) {rElec rPois rF+ rC+ rN+ Will+ rMut rCorr}
   (You found it on level 3 of the Dungeon)

   rF:        It protects you from fire.
   rC:        It protects you from cold.
   rElec:     It insulates you from electricity.
   rPois:     It protects you from poison.
   rN:        It protects you from negative energy.
   rCorr:     It protects you from acid and corrosion.
   rMut:      It protects you from mutation.
   Will:      It increases your willpower.
 i - a +0 pair of boots (worn)
Magical Staves
 d - a staff of death
Jewellery
 e - a ring of see invisible (left hand)
Scrolls
 b - 2 scrolls of immolation
 f - a scroll of identify
 j - a scroll of noise {unknown}
Potions
 k - 3 potions of haste


   Skills:
 + Level 2.9 Fighting
 * Level 6.3 Ranged Weapons
 + Level 3.2 Dodging
 + Level 2.8 Stealth


You had 3 spell levels left.
You didn't know any spells.
Your spell library was empty.

Dungeon Overview and Level Annotations

Branches:
Dungeon (4/15)
 Temple: D:4-7

Altars:
Dithmenos
Gozag
Okawaru

Annotations:
D:3 Blork the orc


Innate Abilities, Weirdness & Mutations

You are small and have problems with some larger weapons.
You are completely attuned to the shadows.
You have a pair of small antennae on your head.
You have hidden genetic potential.
You passively dampen the noise of your surroundings.


Message History

Blork the orc shouts!
Blork the orc is lightly wounded.
Blork the orc curses loudly, as Orcs often do.
You shoot an arrow. The arrow barely misses Blork the orc.
Blork the orc drinks a potion.
Blork the orc seems to speed up.
You shoot an arrow. The arrow hits Blork the orc.
Blork the orc is lightly wounded.
Blork the orc closely misses you. x2
You shoot an arrow. The arrow hits Blork the orc.
Blork the orc is moderately wounded.
Blork the orc hits you with a +0 battleaxe.
You shoot an arrow. The arrow hits Blork the orc.
Blork the orc is heavily wounded.
Blork the orc closely misses you. x2
You shoot an arrow. The arrow hits Blork the orc.
Blork the orc is heavily wounded.
Blork the orc misses you. Blork the orc casts a spell at you.
The magic dart hits you.
You shoot an arrow. The arrow barely misses Blork the orc.
Blork the orc hits you with a +0 battleaxe!
Blork the orc closely misses you.
You shoot an arrow.
The arrow hits Blork the orc but does no damage.
Blork the orc is heavily wounded.
Blork the orc hits you with a +0 battleaxe!
* * * LOW HITPOINT WARNING * * *
Blork the orc closely misses you.
You shoot an arrow. The arrow barely misses Blork the orc.
Blork the orc barely misses you. Blork the orc closely misses you.
You can't go down here!
Blork the orc misses you.
Blork the orc looks encouraged for a moment.
You climb upwards.
There is a stone staircase leading down here.
This is a scroll of acquirement!
Something appears at your feet!
Blork the orc hits you with a +0 battleaxe!
Ouch! That really hurt!
You die...

#.# ##.# #.##...
#.# #..# #.####.
###.# #.## #.# #.
#...# #.# #.# #.
#.### #.# #.# #.
#.# #.# #.# #. #.#
##.## #.# #. #.#
####.#.## #.####.
#.# #@o.###.#
#...... #.#
#.##.#.## ######.
#.# #.###.## ##
##.#### #.# ### #
#.....# #.# ######
###.##.# #.# #.....
.#####.#### #.#
#######.####
..........#
##.#####.......##
.#####.##.#
#...............###


You could see Blork the orc (fast).

Vanquished Creatures
  3 adders
  2 worms
  2 orcs (D:3)
  5 endoplasms
  2 giant cockroaches (D:1)
  6 goblins
  4 hobgoblins
  2 quokkas (D:1)
  6 ball pythons
  5 bats
  A frilled lizard (D:2)
  3 kobolds
  3 rats
44 creatures vanquished.

Notes
Turn   | Place    | Note
-------+----------+-------------------------------------------
     0 | D:1      | hogiebunz the Kobold Hunter began the quest for the Orb.
     0 | D:1      | Reached XP level 1. HP: 12/12 MP: 1/1
   132 | D:1      | Found a faded altar of an unknown god.
   198 | D:1      | Reached XP level 2. HP: 16/18 MP: 2/2
   353 | D:1      | You fall into a shaft and drop 1 floor!
   457 | D:1      | Reached XP level 3. HP: 22/22 MP: 3/3
   702 | D:1      | Prayed at the altar of an unknown god.
   702 | D:1      | Became a worshipper of Warmaster Okawaru
   702 | D:1      | Reached * piety under Okawaru
  1449 | D:2      | Reached skill level 6 in Ranged Weapons
  1498 | D:2      | Reached XP level 4. HP: 27/27 MP: 4/4
  2047 | D:3      | Found an opulent altar of Gozag.
  2050 | D:3      | Found a shadowy altar of Dithmenos.
  2146 | D:3      | Gained mutation: You have a pair of small antennae on your
                  | head. [potion of mutation]
  2146 | D:3      | Gained mutation: You passively dampen the noise of your
                  | surroundings. [potion of mutation]
  2146 | D:3      | Gained mutation: You have hidden genetic potential. [potion
                  | of mutation]
  2146 | D:3      | HP: 1/27 [poisoned by an orc]
  2600 | D:3      | Found the -2 hat of the Alchemist {rElec rPois rF+ rC+ rN+
                  | Will+ rMut rCorr}
  3050 | D:4      | Noticed an ogre
  3177 | D:4      | Noticed Blork the orc
  3189 | D:3      | Identified a scroll of acquirement
  3189 | D:3      | Acquired 733 gold pieces
  3189 | D:3      | Mangled by Blork the orc

Illustrated notes

Levels and vault maps discovered:
D:1:      lemuel_arrival_muddy, layout_rooms, ebering_ecumenical_altar_rust,
          bh_walls_and_bars
D:2:      layout_loops_corners
D:3:      layout_loops_ring, jmf_multi_god_temple, grunt_decor_cap,
          patterned_corridor
D:4:      layout_loops_ring, minmay_temple_entry_grid, uniq_menkaure,
          uniq_blork_the_orc, uniq_eustachio

Skill      XL: |  1  2  3 |
---------------+----------+-----
Stealth        | 2 |  2.8
Ranged Weapons | 6 |  6.3
Dodging        | 3 |  3.2
Fighting       | |  2.9

Action                     |  1- 3 |  4- 6 || total
---------------------------+-------+-------++-------
   Fire: Shortbow          |    61 |    53 ||   114
    Use: Scroll            |       |     7 ||     7
         Potion            |       |     2 ||     2
 Armour: Leather armour    |     6 |     1 ||     7
  Dodge: Dodged            |    12 |    22 ||    34
